 Dungeon Sprint DCSS version 0.23.2-1-ga50397a6bc (webtiles) character file.

Game seed: 10718620073717929626

1260 Kobolds4U the Fencer (level 8, -2/82 HPs)
             Began as a Minotaur Fighter on Apr 28, 2019.
             Was an Initiate of Ru.
             Slain by a demonic crawler (8 damage)
             ... in the Dungeon (Sprint I: "Red Sonja").
             The game lasted 00:03:41 (834 turns).

Kobolds4U the Fencer (Minotaur Fighter)              Turns: 834, Time: 00:03:42

Health: -2/82      AC:  8    Str: 21    XL:     8   Next: 27%
Magic:  7/7        EV: 12    Int:  5    God:    Ru [......]
Gold:   293        SH:  0    Dex: 12    Spells: 7/7 levels left

rFire    . . .     SeeInvis .   a - +0 long sword
rCold    . . .     Gourm    .   (no shield)
rNeg     . . .     Faith    .   b - +0 scale mail
rPois    .         Spirit   .   (helmet restricted)
rElec    .         Reflect  .   (no cloak)
rCorr    .         Harm     .   (no gloves)
MR       .....     NoTele   +   (no boots)
Stlth    ..........             (no amulet)
HPRegen  0.23/turn              (no ring)
MPRegen  0.10/turn              (no ring)

@: no status effects
A: retaliatory headbutt, horns 2
a: Renounce Religion


You were in the Dungeon.
You worshipped Ru.
Ru was noncommittal.
You were not hungry.

You visited 1 branch You collected 413 gold pieces.
You spent 120 gold pieces at shops.

Inventory:

Hand Weapons
 a - a +0 long sword (weapon)
Armour
 b - a +0 scale mail (worn)
Wands
 c - a wand of digging (4)
Scrolls
 k - a scroll of blinking
Potions
 d - a potion of might
 e - 5 potions of curing
 h - a potion of haste
 i - 2 potions of magic
 j - a potion of berserk rage
Comestibles
 f - a ration


   Skills:
 + Level 11.2 Fighting
 - Level 15.3 Long Blades
 + Level 10.0 Armour
 * Level 4.1 Dodging
   Level 3.6 Shields


You had 7 spell levels left.
You didn't know any spells.
Your spell library was empty.

Dungeon Overview and Level Annotations

Branches:
Dungeon (1/1)

Altars:
Cheibriados
Dithmenos
Elyvilon
Fedhas
Gozag
Hepliaklqana
Kikubaaqudgha
Makhleb
Nemelex Xobeh
Okawaru
Qazlal
Ru
Sif Muna
Trog
Uskayaw
Vehumet
Wu Jian
Xom
Yredelemnul
Zin
The Shining One
Jiyva
Lugonu

Shops:
D !


Innate Abilities, Weirdness & Mutations

You reflexively headbutt those who attack you in melee.
You have a pair of horns on your head.


Message History

The demonic crawler is lightly wounded.
The demonic crawler hits you but does no damage. x2
The demonic crawler barely misses you.
You hit the demonic crawler.
The demonic crawler is lightly wounded.
The demonic crawler hits you.
* * * LOW HITPOINT WARNING * * *
The demonic crawler hits you but does no damage.
The demonic crawler misses you.
You hit the demonic crawler.
The demonic crawler is lightly wounded.
The demonic crawler hits you.
* * * LOW HITPOINT WARNING * * *
The demonic crawler closely misses you. The demonic crawler hits you!
* * * LOW HITPOINT WARNING * * *
You hit the demonic crawler but do no damage.
You headbutt the demonic crawler!
The demonic crawler is moderately wounded.
The demonic crawler hits you!
You die...

###################
#<.#s.s..#.s'..#__#
#.@+s.#..s..#.s'..'
#.s#####'#####'#__#
#..####..#...#(####
#..#__####..##(#
#..#_____##'#_.+
#⌠⌠#_.∩...'..._#
####_..__##_.#'#
#_____###+#.#
####### ###


You could see a demonic crawler.

Vanquished Creatures
  2 kobold demonologists (D)
  A slime creature (D)
  Sigmund (D)
  A yak (D)
  A floating eye (D)
  An ogre (D)
  A jelly (D)
  Ijyb (D)
9 creatures vanquished.

Vanquished Creatures (others)
  A gargoyle (D)
1 creature vanquished.

Grand Total: 10 creatures vanquished

Notes
Turn   | Place    | Note
-------+----------+-------------------------------------------
     0 | D        | Kobolds4U the Minotaur Fighter began the quest for the Orb.
     0 | D        | Reached XP level 1. HP: 19/19 MP: 0/0
     7 | D        | Noticed Ijyb
    16 | D        | Killed Ijyb
    16 | D        | Reached skill level 7 in Long Blades
    16 | D        | Reached XP level 2. HP: 26/26 MP: 1/1
    24 | D        | Noticed an ogre
    28 | D        | Killed an ogre
    28 | D        | Reached skill level 10 in Long Blades
    28 | D        | Reached XP level 3. HP: 28/31 MP: 2/2
    28 | D        | Reached XP level 4. HP: 36/39 MP: 3/3
    50 | D        | Noticed Sigmund
    56 | D        | Killed Sigmund
    56 | D        | Reached skill level 14 in Long Blades
    56 | D        | Reached XP level 5. HP: 30/45 MP: 4/4
    77 | D        | Killed a gargoyle
   164 | D        | Found an ornate altar of the Wu Jian Council.
   164 | D        | Found a deep blue altar of Sif Muna.
   166 | D        | Found a radiant altar of Vehumet.
   170 | D        | Reached XP level 6. HP: 48/53 MP: 5/5
   200 | D        | Found Itsoulur's Distillery.
   200 | D        | Found an ancient bone altar of Kikubaaqudgha.
   200 | D        | Found a hazy altar of Hepliaklqana.
   200 | D        | Found a hide-covered altar of Uskayaw.
   200 | D        | Found a basalt altar of Yredelemnul.
   200 | D        | Found an opulent altar of Gozag.
   200 | D        | Found a snail-covered altar of Cheibriados.
   200 | D        | Found a sacrificial altar of Ru.
   200 | D        | Found a shadowy altar of Dithmenos.
   200 | D        | Noticed a yak
   208 | D        | Killed a yak
   208 | D        | Reached skill level 15 in Long Blades
   208 | D        | Reached skill level 5 in Armour
   209 | D        | Found a stormy altar of Qazlal.
   209 | D        | Found a blossoming altar of Fedhas.
   209 | D        | Found a bloodstained altar of Trog.
   209 | D        | Found an iron altar of Okawaru.
   209 | D        | Found a glowing golden altar of the Shining One.
   209 | D        | Found a glowing silver altar of Zin.
   209 | D        | Found a white marble altar of Elyvilon.
   300 | D        | Found a sparkling altar of Nemelex Xobeh.
   304 | D        | Bought a potion of curing for 30 gold pieces
   304 | D        | Bought a potion of curing for 30 gold pieces
   304 | D        | Bought a potion of curing for 30 gold pieces
   304 | D        | Bought a potion of curing for 30 gold pieces
   306 | D        | Became a worshipper of Ru the Awakened
   318 | D        | Found a viscous altar of Jiyva.
   318 | D        | Found a corrupted altar of Lugonu.
   318 | D        | Noticed a slime creature
   319 | D        | Found a burning altar of Makhleb.
   319 | D        | Found a shimmering altar of Xom.
   328 | D        | Killed a slime creature
   328 | D        | Reached XP level 7. HP: 14/69 MP: 6/6
   600 | D        | Noticed a kobold demonologist
   600 | D        | Noticed a kobold demonologist
   601 | D        | Paralysed by a floating eye for 2 turns
   610 | D        | Noticed a hellwing
   613 | D        | Killed a kobold demonologist
   613 | D        | Reached skill level 10 in Fighting
   613 | D        | Reached XP level 8. HP: 74/81 MP: 7/7
   620 | D        | Killed a kobold demonologist
   620 | D        | Reached skill level 10 in Armour
   803 | D        | Noticed a demonic crawler
   803 | D        | Noticed a demonic crawler
   803 | D        | Noticed a demonic crawler
   803 | D        | Noticed a demonic crawler
   826 | D        | HP: 4/82 [demonic crawler (9)]
   834 | D        | Slain by a demonic crawler

Skill      XL: |  1  2  3  4  5  6  7  8 |
---------------+-------------------------+-----
Long Blades    | 7 10 14 15 | 15.3
Fighting       | 4 8 10 11 | 11.2
Armour         | 4 6 9 10 | 10.0
Dodging        | 4 |  4.1
Shields        | |  3.6

Action                   |  1- 3 |  4- 6 |  7- 9 || total
-------------------------+-------+-------+-------++-------
Melee: Long sword        |    11 |    24 |    24 ||    59
       Headbutt          |     4 |     8 |     9 ||    21
  Use: Potion            |       |       |     1 ||     1
Armor: Scale mail        |     4 |     3 |    24 ||    31
Dodge: Dodged            |     6 |     5 |    33 ||    44
       Rpst.: Long sword |     3 |     5 |     2 ||    10
